 Dungeon Crawl Stone Soup version 0.30.0-17-ge0270778cf (webtiles) character file.

Game seed: 5888251393981733946

2688 Irreverend the Destroyer (level 9, -9/45 HPs)
             Began as a Deep Elf Conjurer on May 23, 2023.
             Mangled by a yak (17 damage)
             ... on level 7 of the Dungeon.
             The game lasted 00:19:52 (8976 turns).

Irreverend the Destroyer (Deep Elf Conjurer)        Turns: 8976, Time: 00:19:52

Health: -9/45      AC:  2    Str:  4    XL:     9   Next: 38%
Magic:  10/22      EV: 14    Int: 28    God:
Gold:   447        SH:  0    Dex: 13    Spells: 11/23 levels left

rFire   . . .        d - staff of conjuration
rCold   . . .        (no shield)
rNeg    . . .        a - +0 robe
rPois   .            (no helmet)
rElec   .            (no cloak)
rCorr   +            (no gloves)
SInv    .            (no boots)
Will    .....        (no amulet)
Stlth   ++           q - ring of resist corrosion
HPRegen 0.27/turn    (no ring)
MPRegen 0.18/turn

%: no passive effects
@: no status effects
A: no striking features
a: no special abilities


You were on level 7 of the Dungeon.
You visited 1 branch of the dungeon, and saw 7 of its levels.

You collected 447 gold pieces.

Inventory:

Armour
 a - a +0 robe (worn)
Magical Staves
 d - a staff of conjuration (weapon)
 s - the staff of fire "Surroano" {rPois rF+ rC+ Dex+2}
   (You took it off a goblin on level 3 of the Dungeon)

   [staff of fire]

   Base accuracy: +5 Base damage: 5 Base attack delay: 1.2 This weapon's minimum
   attack delay (0.6) is reached at skill level 12.
   Dex:       It affects your dexterity (+2).
   rF:        It protects you from fire.
   rC:        It protects you from cold.
   rPois:     It protects you from poison.
   It falls into the 'Staves' category.
   It is a one-handed weapon.
Jewellery
 q - a ring of resist corrosion (left hand)
 y - a ring of flight
 A - an amulet of reflection
 C - a ring of willpower
Wands
 r - a wand of charming (11)
Scrolls
 c - a scroll of immolation {unknown}
 g - a scroll of acquirement {unknown}
 h - 2 scrolls of enchant armour {unknown}
 j - 4 scrolls of poison {unknown}
 k - 6 scrolls of identify {unknown}
 l - 2 scrolls of magic mapping {unknown}
 m - 2 scrolls of fog {unknown}
 o - a scroll of teleportation {unknown}
 t - a scroll of enchant weapon {unknown}
 v - a scroll of vulnerability {unknown}
 w - 4 scrolls of brand weapon {unknown}
 x - a scroll of summoning {unknown}
 B - a scroll of torment {unknown}
Potions
 b - a potion of magic
 e - 2 potions of haste {unknown}
 f - 2 potions of attraction {unknown}
 i - 3 potions of curing
 n - a potion of flight {unknown}
 p - a potion of heal wounds {unknown}
 u - a potion of brilliance {unknown}
 z - a potion of degeneration {unknown}
 D - a potion of mutation {unknown}


   Skills:
 + Level 5.1 Staves
 + Level 6.9 Dodging
 - Level 2.4 Stealth
 + Level 7.7 Spellcasting
 * Level 9.6 Conjurations
 - Level 5.2 Hexes


You had 11 spell levels left.
You knew the following spells:

 Your Spells              Type           Power      Damage    Failure   Level
a - Magic Dart            Conj           100%       1d8       1%          1
b - Searing Ray           Conj           100%       2d8       1%          2
c - Fulminant Prism       Conj/Hex       34%        3d16      2%          4
d - Iskenderun's Battles  Conj           77%        2d13      2%          5

Your spell library contained the following spells:

 Spells                   Type           Power      Damage    Failure   Level
 Dazzling Flash           Conj/Hex       100%       N/A       1%          3
 Hailstorm                Conj/Ice       54%        3d12      1%          3
 Freeze                   Ice            40%        1d6       4%          1
 Iskenderun's Mystic Bla  Conj/Tloc      54%        2d12      7%          4
 Frozen Ramparts          Ice            20%        1d4       16%         3
 Fireball                 Conj/Fire      27%        3d12      19%         5
 Orb of Destruction       Conj           38%        9d11      63%         7
 Conjure Ball Lightning   Conj/Air       27%        3x3d8     71%         6


Dungeon Overview and Level Annotations

Branches:
Dungeon (7/15)             Temple (0/1) D:7

Altars:
Cheibriados
Elyvilon
Gozag
Qazlal
Trog

Shops:
D:4 *[   D:6 (

Annotations:
D:4 3 runed translucent doors, RascalDebosk's ghost, novice DjWr; Runnerthe2's ghost, weakling TrBe; wolfgangpup's ghost, amateur MiCK


Message History

The yak is moderately wounded.
The searing ray hits the yak.
The yak is moderately wounded.
The searing ray hits the yak!
The yak is moderately wounded.
You finish channelling your searing ray.
A gnoll comes into view. It is wielding a +0 club.
Casting: Searing Ray (safe; 1% risk of failure)
Confirm with . or Enter, or press ? or * to list all spells.
Aiming: Searing Ray (safe; 1% risk of failure)
Press: ? - help, Shift-Dir - straight line, f - yak
Aim: a yak (moderately wounded, 90% to hit)
You feel a surge of power!
The searing ray hits the yak!
The yak is heavily wounded.
The searing ray hits the yak!
The yak is heavily wounded. (Press . to maintain the ray.)
The gnoll drinks a potion.
The gnoll flickers and vanishes!
Deactivating autopickup; reactivate with Ctrl-A.
The yak gores you.
The searing ray hits the yak!
The yak is severely wounded.
The searing ray hits the yak!
The yak is severely wounded.
The yak gores you! The yak attacks as you move away! The yak gores you!
The yak attacks as you move away! The yak gores you!
* * * LOW HITPOINT WARNING * * *
Casting: Searing Ray (safe; 1% risk of failure)
Confirm with . or Enter, or press ? or * to list all spells.
Aiming: Searing Ray (safe; 1% risk of failure)
Press: ? - help, Shift-Dir - straight line, f - yak, p - yak
Aim: a yak (severely wounded, 90% to hit)
You feel a surge of power!
The searing ray hits the yak!
The yak is almost dead.
The searing ray hits the yak!
You kill the yak! (Press . to maintain the ray.)
The yak gores you!
You die...

.. . . ##.#.##.#.. ?#
..#...... #.## #...#.#†#
.... ## #.>.#.#......
#............#..#
#...#.#.#....#..#
#.#.#.#.#.##....#
##.#......@Y†..#.#
#.....#.##.#$#.#.#
###..##†#....#.#...#
#.<................#
#.........#####..######
#......#####..).........
###......##....###########
#...........########
###.................


You could see a yak.

Vanquished Creatures
  Sigmund (D:6)
  3 yaks (D:7)
  Eustachio (D:6)
  Edmund (D:6)
  2 ice beasts (D:5)
  An orc warrior (D:6)
  A black bear (D:6)
  2 ogres
  A centaur (D:6)
  3 kobold brigands (D:6)
  3 scorpions
  3 electric eels (D:6)
  A howler monkey (D:6)
  3 hounds
  A jelly (D:4)
  5 orc priests
  2 sleepcaps (D:6)
  3 iguanas (D:6)
  Ijyb (D:3)
  An orc wizard (D:6)
  15 gnolls
  11 adders
  A shadow imp (D:5)
  5 ufetubi
  2 worms (D:4)
  A dart slug (D:5)
  13 orcs
  3 endoplasms
  2 giant cockroaches (D:4)
  7 hobgoblins
  2 jackals (D:1)
  6 quokkas
  5 ball pythons
  5 bats
  4 frilled lizards
  6 goblins
  51 kobolds
  3 rats
181 creatures vanquished.

Vanquished Creatures (others)
  20 fulminant prisms
20 creatures vanquished.

Grand Total: 201 creatures vanquished

Notes
Turn   | Place    | Note
-------+----------+-------------------------------------------
     0 | D:1      | Irreverend the Deep Elf Conjurer began the quest for the
                  | Orb.
     0 | D:1      | Reached XP level 1. HP: 10/10 MP: 6/6
   255 | D:1      | Reached XP level 2. HP: 15/15 MP: 5/8
   259 | D:1      | Learned a level 2 spell: Searing Ray
  1550 | D:2      | Reached skill level 5 in Conjurations
  1550 | D:2      | Reached XP level 3. HP: 19/19 MP: 3/10
  2402 | D:3      | You fall into a shaft and drop 3 floors!
  2403 | D:6      | Noticed Eustachio
  2425 | D:6      | Killed Eustachio
  2426 | D:6      | Reached skill level 1 in Staves
  2426 | D:6      | Reached XP level 4. HP: 24/24 MP: 0/12
  2426 | D:6      | Reached XP level 5. HP: 28/28 MP: 0/13
  2526 | D:5      | Entered Level 5 of the Dungeon
  2675 | D:4      | Reached skill level 6 in Conjurations
  2790 | D:3      | Noticed Ijyb
  2806 | D:3      | Killed Ijyb
  2905 | D:3      | Identified the staff of fire "Surroano" {rPois rF+ rC+
                  | Dex+2}
  2955 | D:3      | Learned a level 4 spell: Fulminant Prism
  2964 | D:3      | Learned a level 5 spell: Iskenderun's Battlesphere
  3033 | D:3      | Reached XP level 6. HP: 32/32 MP: 10/15
  3427 | D:4      | Found Eciav's Gadget Gallery.
  3659 | D:4      | Found Muteppel's Antique Armour Boutique.
  3741 | D:4      | Found a stormy altar of Qazlal.
  3743 | D:4      | Noticed a water elemental
  3744 | D:4      | Noticed a fire elemental
  3744 | D:4      | Noticed an air elemental
  3924 | D:4      | Found a runed translucent gate.
  3925 | D:4      | Found a runed translucent gate.
  3925 | D:4      | Found a runed translucent gate.
  3925 | D:4      | Noticed wolfgangpup's ghost (amateur MiCK)
  3925 | D:4      | Noticed RascalDebosk's ghost (novice DjWr)
  3925 | D:4      | Noticed Runnerthe2's ghost (weakling TrBe)
  4285 | D:5      | Reached skill level 1 in Hexes
  4342 | D:5      | Found an opulent altar of Gozag.
  4350 | D:5      | Reached skill level 5 in Spellcasting
  4591 | D:5      | Reached XP level 7. HP: 30/36 MP: 7/16
  4671 | D:5      | Found a white marble altar of Elyvilon.
  4863 | D:5      | Reached skill level 7 in Conjurations
  5069 | D:5      | Reached skill level 5 in Dodging
  5343 | D:5      | Found a bloodstained altar of Trog.
  5343 | D:5      | Found a snail-covered altar of Cheibriados.
  6015 | D:6      | Reached XP level 8. HP: 41/41 MP: 12/18
  6272 | D:6      | Reached skill level 8 in Conjurations
  7709 | D:6      | Reached skill level 5 in Hexes
  7709 | D:6      | Reached XP level 9. HP: 45/45 MP: 16/21
  7775 | D:6      | Found Wyujar's Antique Weapon Boutique.
  7904 | D:6      | Reached skill level 9 in Conjurations
  8082 | D:6      | Noticed Sigmund
  8085 | D:6      | Killed Sigmund
  8113 | D:6      | Noticed Edmund
  8132 | D:6      | Killed Edmund
  8959 | D:7      | Found a staircase to the Ecumenical Temple.
  8968 | D:7      | Reached skill level 5 in Staves
  8976 | D:7      | Mangled by a yak

Illustrated notes

Levels and vault maps discovered:
D:1:      sevenhm_arrival_forest_fort_large_4, layout_loops_ring,
          palyth_stone_intersect
D:2:      layout_basic, grunt_decor_one_mirror, nrook_uturn
D:3:      layout_rooms, small_statue_intersection, uniq_ijyb
D:4:      layout_loops_ring, nicolae_qazlal_style_of_elements, serial_shops,
          shop, gammafunk_ghost_cemetery, nicolae_shop_gadgets
D:5:      layout_basic, mainiacjoe_overflow_boulevard,
          mainiacjoe_overflow_alcove_2,
          chequers_temple_overflow_statue_of_worship, serial_rivers,
          chequers_serial_rivers_micro_c, chequers_serial_rivers_large_b,
          chequers_serial_rivers_small_3, chequers_serial_rivers_micro_c,
          chequers_serial_rivers_micro_a
D:6:      minmay_goblin_kobold_castle, layout_loops_ring,
          nicolae_inconvenience_store, kennysheep_diamond,
          sigmund_edmund_badplayer, uniq_eustachio
D:7:      layout_rooms, minmay_temple_entry_ruins, minivault_1

Skill      XL: |  1  2  3  4  5  6  7  8  9 |
---------------+----------------------------+-----
Dodging        | 3 4 5 6 |  6.9
Conjurations   | 5 6 7 8 9 |  9.6
Staves         | 1 2 3 4 5 |  5.1
Spellcasting   | 4 5 7 |  7.7
Hexes          | 1 3 5 |  5.2
Stealth        | |  2.4

Action                     |  1- 3 |  4- 6 |  7- 9 || total
---------------------------+-------+-------+-------++-------
  Melee: Staff             |     1 |       |     1 ||     2
   Cast: Magic Dart        |    33 |    34 |    63 ||   130
         Searing Ray       |    15 |    28 |    53 ||    96
         Fulminant Prism   |       |     4 |    16 ||    20
         Iskenderun's Batt |       |       |     5 ||     5
    Use: Potion            |       |       |     1 ||     1
 Armour: Robe              |     1 |     3 |     4 ||     8
  Dodge: Dodged            |     2 |     4 |    29 ||    35
